 Dungeon Crawl Stone Soup version 0.31-a0-214-gb37851d (webtiles) character file.

Game seed: 16504188357768168000

2709 lyrin the Skirmisher (level 9, -5/52 HPs)
             Began as a Deep Elf Hunter on July 1, 2023.
             Was a Follower of Fedhas.
             Slain by a two-headed ogre
             ... wielding a +0 giant club
              (13 damage)
             ... on level 8 of the Dungeon.
             The game lasted 00:10:15 (7230 turns).

lyrin the Skirmisher (Deep Elf Hunter)              Turns: 7230, Time: 00:10:16

Health: -5/52      AC:  7    Str:  8    XL:     9   Next: 39%
Magic:  12/12      EV: 14    Int: 23    God:    Fedhas [*.....]
Gold:   1682       SH:  0    Dex: 20    Spells: 8/8 levels left

rFire   . . .        b - +7 Throatcutter {drain, coup de grace}
rCold   . . .        (no shield)
rNeg    . . .        x - +2 leather armour {rPois}
rPois   +            B - +2 hat
rElec   .            (no cloak)
rCorr   .            (no gloves)
SInv    .            (no boots)
Will    +....        (no amulet)
Stlth   ++           d - +6 ring of intelligence
HPRegen 0.28/turn    w - ring of willpower
MPRegen 0.13/turn

%: no passive effects
@: no status effects
A: no striking features
a: Renounce Religion


You were on level 8 of the Dungeon.
You worshipped Fedhas.
Fedhas was aware of your devotion.
You visited 2 branches of the dungeon, and saw 9 of its levels.

You collected 1715 gold pieces.
You spent 33 gold pieces at shops.

Inventory:

Hand Weapons
 a - a +0 orcbow
 b - the +7 Throatcutter (weapon) {drain, coup de grace}
   (You found it on level 3 of the Dungeon)
 f - a +1 shortbow
 p - the +2 trident of Haxonoi {flame, rC+ Int+3 SInv}
   (You found it on level 3 of the Dungeon)

   Int:       It affects your intelligence (+3).
   rC:        It protects you from cold.
   SInv:      It lets you see invisible.
Missiles
 s - 21 poisoned darts
Armour
 x - a +2 leather armour of poison resistance (worn)
 B - a +2 hat (worn)
Jewellery
 c - a ring of positive energy
 d - a +6 ring of intelligence (left hand)
 h - a ring of positive energy
 w - a ring of willpower (right hand)
Wands
 t - a wand of mindburst (21)
Scrolls
 e - 3 scrolls of enchant weapon
 g - 3 scrolls of teleportation
 i - a scroll of brand weapon
 j - 2 scrolls of noise {unknown}
 l - a scroll of amnesia
 m - a scroll of vulnerability {unknown}
 n - 2 scrolls of fear
 v - a scroll of butterflies
 y - a scroll of fog {unknown}
 C - a scroll of silence {unknown}
Potions
 k - 3 potions of heal wounds
 o - a potion of magic
 q - 3 potions of curing
 r - a potion of haste
 u - a potion of attraction {unknown}
 z - a potion of enlightenment
 A - a potion of degeneration {unknown}
 D - a potion of lignification


   Skills:
 + Level 4.2 Fighting
 * Level 8.0 Long Blades
 + Level 0.2 Polearms
 - Level 8.0 Ranged Weapons
 + Level 3.6 Armour
 + Level 5.2 Dodging
 - Level 1.2 Stealth
 * Level 2.2 Invocations
 - Level 0.2 Evocations


You had 8 spell levels left.
You didn't know any spells.
Your spell library contained the following spells:

 Spells                   Type           Power      Damage    Failure   Level
 Apportation              Tloc           0%         N/A       22%         1
 Necrotise                Necr           0%         1d4       22%         1
 Summon Small Mammal      Summ           0%         N/A       22%         1
 Gell's Gravitas          Tloc           0%         N/A       54%         3
 Teleport Other           Tloc           0%         N/A       54%         3
 Dispersal                Tloc           0%         N/A       100%        6


Dungeon Overview and Level Annotations

Branches:
Dungeon (8/15)             Temple (1/1) D:6
   Lair: D:8-11

Altars:
Cheibriados
Dithmenos
Elyvilon
Fedhas
Gozag
Hepliaklqana
Kikubaaqudgha
Nemelex Xobeh
Okawaru
Qazlal
Ru
Trog
Vehumet
Wu Jian
Xom
Yredelemnul
Zin
The Shining One

Shops:
D:3 !


Message History

The white imp shouts, "Disclaim thyself, thou peeagling sheep-biting pumpion!"
The white imp moves out of view.
A white imp is nearby!
The white imp gestures at you.
The puff of frost hits you but does no damage.
You hit the white imp.
You behead the white imp!
You kill the white imp!
Fedhas accepts your kill.
No target in view!
No target in view!
Done exploring.
Done exploring.
Items here: ( ))).
Items here: ( ))).
There is a stone staircase leading down here.
You climb downwards.
Found two items.
Found a stone staircase leading down.
There is a stone staircase leading up here.
You see here the +4 consecrated labrys {holy, Valiant Fragile Fly SInv}.
Unknown command.
You now have 1682 gold pieces (gained 17).
There is a stone staircase leading down here.
A two-headed ogre comes into view.
It is wielding a +0 giant club and a +0 giant spiked club.
The two-headed ogre shouts in stereo!
You slash the two-headed ogre! You drain the two-headed ogre.
The two-headed ogre is moderately wounded.
The two-headed ogre closely misses you.
The two-headed ogre hits you with a +0 giant spiked club!
You slash the two-headed ogre! You drain the two-headed ogre.
The two-headed ogre is heavily wounded.
You slash the two-headed ogre!
The two-headed ogre is severely wounded.
The two-headed ogre hits you with a +0 giant club!
The two-headed ogre hits you with a +0 giant spiked club!
* * * LOW HITPOINT WARNING * * *
You hit the two-headed ogre.
The two-headed ogre is severely wounded.
The two-headed ogre hits you with a +0 giant club!
You die...
Fedhas appreciates your contribution to the ecosystem.

.# .## # .##..# #.# #.
..#.# #.####
.##.##.#.####....
.................
................########
....O..................
#O..#####.....#
####@#.#......<#.#
..........>..)......#
.##.....#############
......... ........#
###.....# #.....#
#.....#


You could see a two-headed ogre (drained).

Vanquished Creatures
  A gargoyle (D:7)
  Prince Ribbit (D:5)
  Sigmund (D:4)
  A wyvern (D:7)
  Edmund (D:5)
  2 water moccasins
  2 orc warriors
  A black bear (D:6)
  An ogre (D:5)
  2 centaurs
  A phantom (D:6)
  A kobold brigand (D:7)
  A gnoll sergeant (D:6)
  2 scorpions
  4 hounds
  2 iguanas
  2 jellies (D:6)
  A sleepcap (D:4)
  Jessica (D:2)
  Natasha (thrice) (D:3)
  4 orc wizards
  9 gnolls
  5 adders
  A shadow imp (D:6)
  2 white imps (D:7)
  7 dart slugs
  20 orcs
  A bat (D:2)
  7 endoplasms
  3 giant cockroaches
  5 goblins
  4 hobgoblins
  2 quokkas (D:2)
  5 ball pythons
  4 frilled lizards
  24 kobolds
  2 rats
136 creatures vanquished.

Vanquished Creatures (others)
  A hound (D:6)
1 creature vanquished.

Grand Total: 137 creatures vanquished

Notes
Turn   | Place    | Note
-------+----------+-------------------------------------------
     0 | D:1      | lyrin the Deep Elf Hunter began the quest for the Orb.
     0 | D:1      | Reached XP level 1. HP: 12/12 MP: 3/3
   103 | D:1      | Reached XP level 2. HP: 16/16 MP: 4/4
   732 | D:2      | Reached XP level 3. HP: 18/21 MP: 5/5
   970 | D:2      | Noticed Jessica
   975 | D:2      | Killed Jessica
   976 | D:2      | Reached XP level 4. HP: 23/27 MP: 6/6
  1137 | D:3      | Identified the +2 trident of Haxonoi {flame, rC+ Int+3
                  | SInv}
  1360 | D:3      | Found an opulent altar of Gozag.
  1377 | D:3      | You fall into a shaft and drop 2 floors!
  1377 | D:5      | Entered Level 5 of the Dungeon
  1423 | D:5      | Reached XP level 5. HP: 16/31 MP: 7/7
  1731 | D:3      | Noticed Natasha
  1738 | D:3      | Killed Natasha
  1772 | D:3      | Reached skill level 1 in Armour
  1902 | D:3      | Found Zabbolup's Distillery.
  2152 | D:3      | Found the +7 Throatcutter {drain, coup de grace}
  2226 | D:4      | Noticed Sigmund
  2232 | D:4      | Killed Sigmund
  2233 | D:4      | Reached skill level 1 in Long Blades
  2233 | D:4      | Reached XP level 6. HP: 27/37 MP: 8/8
  2473 | D:4      | Reached XP level 7. HP: 28/41 MP: 9/9
  3079 | D:5      | Noticed Edmund
  3089 | D:5      | Killed Edmund
  4074 | D:5      | Noticed Prince Ribbit
  4082 | D:5      | Killed Prince Ribbit
  4083 | D:5      | Reached XP level 8. HP: 27/47 MP: 10/10
  4168 | D:5      | Reached skill level 5 in Long Blades
  4704 | D:6      | Found a staircase to the Ecumenical Temple.
  4745 | D:6      | Identified a scroll of acquirement
  4746 | D:6      | Acquired 1154 gold pieces
  4867 | D:3      | Noticed Natasha
  4872 | D:3      | Killed Natasha
  4886 | D:3      | Bought a potion of curing for 33 gold pieces
  4890 | D:3      | Noticed Natasha
  4896 | D:3      | Killed Natasha
  5035 | Temple   | Entered the Ecumenical Temple
  5215 | Temple   | Became a worshipper of Fedhas Madash
  5585 | D:6      | Reached skill level 1 in Invocations
  5586 | D:6      | Reached XP level 9. HP: 22/52 MP: 11/11
  6170 | D:7      | Reached * piety under Fedhas
  6364 | D:7      | Noticed a gargoyle
  6526 | D:7      | Identified the +2 robe of Objectivity {Str+5}
  6907 | D:7      | Reached skill level 5 in Dodging
  6987 | D:7      | Killed a gargoyle
  7209 | D:8      | Found the +4 consecrated labrys {holy, Valiant Fragile Fly
                  | SInv}
  7221 | D:8      | Noticed a two-headed ogre
  7230 | D:8      | Slain by a two-headed ogre

Illustrated notes

Levels and vault maps discovered:
D:1:      dpeg_arrival_leaves_temple_mockup, layout_basic
D:2:      layout_basic, minmay_tromino_v4_a, uniq_jessica
D:3:      layout_loops_ring, grunt_gozag_statues, serial_shops,
          nicolae_shop_advertising_works [nicolae_subvault_shop_adworks],
          dilly_guarded_unrand_throatcut, uniq_natasha
D:4:      layout_rooms, serial_bayou_lake_a, uniq_sigmund
D:5:      layout_loops_corners, minmay_statues_item, serial_park_tiny_2,
          uniq_prince_ribbit1, uniq_edmund
D:6:      layout_loops_cross, minmay_temple_entry_ruins
D:7:      layout_gridville, item_on_display_a
D:8:      layout_basic, nicolae_sif_muna_condensation,
          mainiacjoe_overflow_catwalk_spiral
Temple:   hc_temple_tempest_star

Skill      XL: |  1  2  3  4  5  6  7  8  9 |
---------------+----------------------------+-----
Ranged Weapons | 6 7 8 |  8.0
Fighting       | 2 3 4 |  4.2
Dodging        | 3 4 5 |  5.2
Armour         | 1 2 3 |  3.6
Long Blades    | 1 2 4 7 8 |  8.0
Invocations    | 1 2 |  2.2
Polearms       | |  0.2
Stealth        | |  1.2
Evocations     | |  0.2

Action                     |  1- 3 |  4- 6 |  7- 9 || total
---------------------------+-------+-------+-------++-------
  Melee: Trident           |       |     3 |       ||     3
         Long sword        |       |    18 |   147 ||   165
         Punch             |       |       |     2 ||     2
   Fire: Shortbow          |    89 |    84 |       ||   173
         Orcbow            |       |       |     2 ||     2
  Evoke: Wand              |       |       |     2 ||     2
    Use: Scroll            |     3 |       |     8 ||    11
         Potion            |       |     1 |       ||     1
   Stab: Sleeping          |       |       |     3 ||     3
 Armour: Leather armour    |     4 |     9 |    46 ||    59
  Dodge: Dodged            |    11 |    36 |   104 ||   151

Table legend: (Time is in decaauts)
 A = Elapsed time spent in this place.
 B = Non-inter-level travel time spent in this place.
 C = Inter-level travel time spent in this place.
 D = Time resting spent in this place.
 E = Time spent auto-exploring this place.
 F = Levels seen in this place.
 G = Mean time per level.
                   A        B        C        D        E       F      G
               +--------+--------+--------+--------+--------+-----+--------+
         Total |   7322 |   6905 |    417 |    923 |   4867 |   9 |  813.6 |
       Dungeon |   7111 |   6723 |    388 |    923 |   4707 |   8 |  888.9 |
        Temple |    210 |    181 |     29 |      0 |    160 |   1 |  210.0 |
               +--------+--------+--------+--------+--------+-----+--------+

Top non-repeatable levels by time:
     D:5: 1759 daAuts
     D:3: 1175 daAuts
     D:7: 1137 daAuts
     D:4: 1016 daAuts
     D:6: 860 daAuts
     D:1: 733 daAuts
     D:2: 407 daAuts
  Temple: 210 daAuts
     D:8: 20 daAuts
